AoeStats
← FruliDains

MegaRandom

509782387Analyzed
2v2 RM · 4d ago on Sep 28, 2026· 72m 31s· 4 players
Game mode
Random Map
Map size
Medium (4 player)
Population
200
Speed
Normal
Resources
Standard
Victory
Conquest
Starting age
Dark Age
Ending age
Imperial Age
RankedLock teamsTeams togetherTeam positionsShared explorationLock speedFull tech treeHidden civsTurbo modeCheats
Victory
Defeat
🇧🇷 Turks · Brazil
402
+18
398
+17
🇺🇸 Huns · United States
438
-18
🇺🇸 Franks · United States
432
-17
JOAO GALO MATADOR DE GENTE
11:14 Feudal Age
10:23 Loom
14:28 Wheelbarrow
13:39 Town Watch
13:57 Double-Bit Axe
14:54 Horse Collar
15:29 Gold Mining
20:42 Arson
24:04 Castle Age
22:33 Stone Mining
23:07 Padded Archer Armor
22:58 Fletching
23:19 Forging
23:10 Scale Mail Armor
23:16 Scale Barding Armor
25:06 Hand Cart
25:49 Town Patrol
28:33 Squires
31:16 Gold Shaft Mining
32:02 Pikeman
36:36 Imperial Age
37:31 Heavy Plow
37:48 Bow Saw
37:33 Halberdier
37:46 Onager
39:52 Ballistics
39:45 Siege Engineers
40:28 Yeomen
41:49 Capped Ram
42:41 Warwolf
43:08 Elite Longbowman
46:42 Conscription
47:04 Hoardings
46:23 Heavy Scorpion
49:36 Leather Archer Armor
49:17 Bodkin Arrow
49:57 Iron Casting
49:37 Chain Mail Armor
57:19 Masonry
57:06 Murder Holes
57:22 Fortified Wall
57:03 Guard Tower
56:59 Arrowslits
58:14 Chemistry
57:07 Heated Shot
57:51 Ring Archer Armor
57:22 Bracer
58:22 Blast Furnace
57:53 Plate Mail Armor
57:43 Chain Barding Armor
70:33 Plate Barding Armor
A K A LITTLE DADDY
13:35 Feudal Age
14:40 Double-Bit Axe
22:02 Gold Mining
22:02 Stone Mining
24:23 Castle Age
21:56 Man-at-Arms
22:55 Padded Archer Armor
22:50 Fletching
23:07 Scale Barding Armor
23:09 Loom
25:41 Long Swordsman
28:10 Bow Saw
35:07 Imperial Age
33:21 Gold Shaft Mining
32:47 Bodkin Arrow
33:08 Leather Archer Armor
33:05 Forging
32:55 Scale Mail Armor
35:16 Treadmill Crane
36:13 Sipahi
36:33 Two-Handed Swordsman
38:20 Horse Collar
39:52 Ballistics
40:28 Wheelbarrow
39:35 Heavy Cavalry Archer
41:55 Heavy Plow
42:48 Hand Cart
44:21 Parthian Tactics
43:22 Elite Janissary
45:03 Chain Mail Armor
45:23 Iron Casting
45:36 Ring Archer Armor
45:28 Chain Barding Armor
46:39 Plate Mail Armor
46:16 Bracer
47:23 Champion
48:58 Parthian Tactics
Marsha7392
0:29 Loom
13:49 Feudal Age
15:08 Wheelbarrow
14:19 Town Watch
15:10 Town Watch
15:09 Horse Collar
15:20 Double-Bit Axe
15:38 Gold Mining
23:56 Castle Age
23:45 Bloodlines
25:36 Hand Cart
26:55 Town Patrol
30:17 Caravan
31:37 Husbandry
31:47 Thumb Ring
31:02 Crossbowman
35:36 Imperial Age
33:59 Stone Mining
34:44 Gold Shaft Mining
35:29 Scale Barding Armor
35:26 Scale Mail Armor
35:45 Padded Archer Armor
36:27 Masonry
37:57 Conscription
37:38 Marauders
38:19 Bow Saw
41:56 Parthian Tactics
40:52 Heavy Cavalry Archer
42:45 Ballistics
42:30 Murder Holes
44:01 Gold Shaft Mining
44:43 Chemistry
47:18 Two-Man Saw
45:57 Elite Tarkan
46:38 Elite Skirmisher
60:47 Atheism
FruliDains
13:43 Feudal Age
17:09 Man-at-Arms
20:04 Wheelbarrow
25:56 Castle Age
26:54 Long Swordsman
28:24 Pikeman
29:08 Husbandry
30:05 Hand Cart
31:36 Fletching
32:07 Forging
33:39 Double-Bit Axe
34:08 Bodkin Arrow
35:26 Ordonnance Companies
39:53 Ballistics
40:11 Iron Casting
39:42 Scale Barding Armor
45:53 Imperial Age
44:44 Caravan
47:53 Chemistry
46:16 Elite Throwing Axeman
47:21 Conscription
46:50 Cranequins
47:46 Halberdier
48:49 Cavalier
50:29 Paladin
53:43 Elite Skirmisher
60:51 Blast Furnace
60:12 Chain Barding Armor
59:53 Scale Mail Armor
59:53 Padded Archer Armor
Connection lost

Rejoining the realm…

Still unreachable

The connection could not be restored.

Session expired

The server has moved on; the page needs a fresh start.